Map: Simulacrum LE

Players

Caroline

  • Race: Terran Terran
  • League: Master
  • Spawn Location: 11:00

MikeHawk - Winner!

  • Race: Terran Terran
  • League: Master
  • Spawn Location: 5:00

VOD

Have the link to the VOD?

Description

Time

  • Played on: Dec. 20, 2019, 12:38 p.m.
  • Length: 4:10
Show
View Real Time Build Order
Export as new Build Order

Caroline Terran 

Build Orders: Gas First Reaper Expand 

Get SALT Encoding   

  12  0:01  SCV  
  13  0:13  SCV  
  14  0:20  Supply Depot  
  14  0:25  SCV  
  15  0:32  Refinery  
  15  0:41  SCV  
  16  0:44  Barracks  
  16  0:53  SCV  
  17  1:05  SCV  
  18  1:17  SCV  
  19  1:31  Orbital Command  
  19  1:32  Reaper  
  20  1:43  Command Center  
  20  1:55  Factory  
  20  2:00  SCV  
  21  2:09  Reaper  
  21  2:13  Supply Depot  
  21  2:14  SCV  
  22  2:20  Refinery  
  22  2:27  SCV  
  23  2:39  SCV  
  23  2:40  Hellion  
  23  2:41  Barracks Reactor  
  26  2:51  SCV  
  26  2:55  Starport  
  26  2:56  Orbital Command  
  27  3:04  Factory Tech Lab, SCV  
  28  3:16  SCV  
  28  3:18  Marine x2  
  31  3:21  SCV  
  32  3:28  SCV  
  32  3:32  Refinery  
  32  3:33  SCV  
  34  3:36  Marine x2  
  34  3:40  SCV  
  39  3:46  SCV  
  39  3:47  Supply Depot  
  40  3:52  Factory Tech Lab, SCV  
  43  3:58  SCV, Supply Depot  
Show
View Real Time Build Order
Export as new Build Order

MikeHawk Terran - Winner!

Build Orders: Gas First Reaper Expand 

Get SALT Encoding   

  12  0:01  SCV  
  13  0:13  SCV  
  14  0:17  Supply Depot  
  14  0:25  SCV  
  15  0:29  Refinery  
  15  0:38  SCV  
  16  0:45  Barracks  
  16  0:50  SCV  
  17  1:02  SCV  
  18  1:15  SCV  
  19  1:31  Orbital Command, Reaper  
  20  1:46  Command Center  
  20  1:56  SCV  
  21  2:01  Factory  
  21  2:07  Barracks Reactor  
  21  2:09  SCV  
  22  2:17  Supply Depot  
  22  2:20  Refinery  
  22  2:21  SCV  
  22  2:33  SCV  
  23  2:45  SCV  
  23  2:46  Starport  
  23  2:50  Hellion  
  26  2:51  Hellion  
  26  2:58  Orbital Command  
  28  3:01  SCV  
  29  3:12  Hellion  
  31  3:13  Hellion  
  31  3:16  Barracks Tech Lab  
  31  3:17  SCV  
  34  3:24  SCV  
  35  3:29  SCV  
  36  3:36  SCV  
  39  3:41  SCV  
  39  3:43  Supply Depot  
  39  3:44  Factory Tech Lab  
  39  3:48  SCV  
  41  3:49  Marine x2  
  41  3:53  SCV  
Tags
 
Add a new tag
Caveats
  • Supply blocks, unpowered buildings, or Contaminate may cause inaccurate times.
  • Supply counts are checked every 10 seconds.